Map: Ruins of Seras

Players

SluttyMagoo - Winner!

  • Race: Zerg Zerg
  • League: Gold

Javert

  • Race: Zerg Zerg
  • League: Gold

VOD

Have the link to the VOD?

Description

Time

  • Played on: Sept. 6, 2015, 4:37 p.m.
  • Length: 8:56
Show
View Real Time Build Order
Export as new Build Order

SluttyMagoo Zerg - Winner!

Build Orders: Hatch First 

Get SALT Encoding   

  12  0:01  Drone  
  13  0:11  Drone  
  14  0:17  Overlord  
  14  0:27  Drone, Extractor  
  14  0:28  Extractor  
  14  0:29  Drone  
  16  0:38  Drone  
  17  0:57  Hatchery  
  16  0:58  Drone  
  16  1:02  Drone  
  18  1:07  Drone, Extractor  
  18  1:20  Spawning Pool  
  17  1:54  Overlord  
  17  2:07  Queen  
  19  2:08  Zergling x6  
  19  2:09  Queen  
  19  2:14  Metabolic Boost  
  24  2:16  Drone  
  24  2:19  Drone  
  26  2:23  Drone  
  27  2:32  Drone x2  
  29  2:39  Baneling Nest  
  29  2:41  Drone  
  29  2:44  Drone  
  30  2:54  Overlord x2  
  30  3:04  Drone x2  
  32  3:14  Drone x2  
  32  3:15  Drone x2  
  32  3:17  Drone x3  
  39  3:26  Drone  
  40  3:29  Drone  
  41  3:40  Drone x2, Extractor  
  42  3:50  Overlord x2  
  42  3:51  Zergling x2  
  42  3:52  Zergling x2  
  42  3:53  Zergling x2  
  45  3:59  Hatchery, Drone  
  45  4:04  Roach Warren  
  44  4:14  Evolution Chamber  
  43  4:22  Queen  
  45  4:29  Spine Crawler  
  44  4:31  Spine Crawler  
  44  4:32  Drone  
  44  4:33  Drone x4  
  44  4:34  Drone x2  
  50  4:50  Zerg Missile Weapons Level 1  
  50  4:55  Overlord x2  
  50  4:57  Roach  
  50  4:58  Roach x3  
  58  5:01  Lair  
  58  5:07  Extractor  
  57  5:11  Queen  
  59  5:15  Drone x3  
  62  5:22  Roach x3  
  62  5:24  Roach  
  62  5:26  Roach  
  62  5:27  Baneling x2  
  62  5:28  Baneling  
  72  5:32  Drone x2  
  72  5:33  Drone  
  72  5:35  Drone  
  76  5:36  Drone  
  77  5:44  Drone x5  
  82  5:58  Roach x4  
  82  6:02  Glial Reconstitution  
  90  6:05  Hydralisk Den  
  89  6:19  Extractor  
  88  6:29  Spore Crawler  
  87  6:33  Hydralisk  
  87  6:35  Overlord x4  
  89  6:50  Overlord  
  89  6:51  Overlord  
  89  6:56  Hydralisk x3  
  89  6:57  Hydralisk x6  
  107  7:04  Roach x3  
  98  7:23  Roach x4  
  99  7:31  Zergling x2  
  99  7:32  Zergling x18  
  109  7:42  Zergling x2  
  109  7:43  Zergling x4  
  110  7:45  Drone  
  111  7:56  Zergling x2  
  111  7:57  Zergling x10  
  113  8:16  Roach x8  
  113  8:17  Roach  
  120  8:34  Roach x8  
Show
View Real Time Build Order
Export as new Build Order

Javert Zerg 

Build Orders: Pool First 

Get SALT Encoding   

  12  0:01  Drone  
  13  0:14  Overlord  
  13  0:21  Drone  
  14  0:34  Drone x2  
  16  0:43  Spawning Pool  
  16  0:45  Drone  
  16  0:49  Drone  
  17  0:59  Drone  
  17  1:02  Extractor  
  18  1:16  Hatchery  
  17  1:20  Drone  
  17  1:22  Extractor  
  17  1:23  Drone  
  18  1:37  Roach Warren  
  17  1:42  Queen  
  19  1:50  Drone  
  19  1:51  Overlord  
  20  2:00  Drone  
  21  2:19  Roach x2  
  25  2:26  Roach  
  27  2:32  Drone  
  28  2:39  Drone  
  29  2:45  Drone, Queen  
  29  2:48  Baneling Nest  
  31  2:56  Drone  
  31  2:57  Drone x4  
  36  3:11  Overlord  
  36  3:23  Overlord x2  
  36  3:31  Drone x5  
  41  3:39  Zergling x4  
  43  3:45  Roach  
  45  4:00  Baneling  
  45  4:01  Baneling x3  
  45  4:04  Roach x4  
  45  4:06  Drone  
  45  4:07  Drone x2, Overlord  
  56  4:20  Drone x2  
  58  4:34  Evolution Chamber  
  58  4:36  Queen  
  59  4:39  Drone x4  
  59  4:40  Hatchery, Drone x2  
  59  4:45  Lair  
  64  4:54  Drone x2  
  64  4:55  Drone  
  64  4:57  Extractor  
  66  5:05  Overlord x2  
  66  5:13  Overlord x2  
  66  5:15  Zerg Missile Weapons Level 1  
  66  5:19  Extractor  
  65  5:21  Overlord  
  65  5:29  Roach x2  
  69  5:38  Hatchery  
  69  5:42  Queen  
  70  5:49  Drone  
  71  5:50  Drone x7  
  71  5:56  Glial Reconstitution  
  78  5:58  Overlord  
  78  6:02  Queen  
  80  6:14  Roach  
  80  6:15  Roach x6  
  94  6:20  Overlord x2  
  94  6:26  Overlord  
  94  6:28  Roach x2  
  94  6:29  Roach  
  100  6:35  Overseer  
  100  6:40  Roach  
  100  6:41  Roach x4  
  110  6:48  Extractor  
  109  6:55  Drone x7  
  109  6:56  Hydralisk Den  
  115  7:01  Overlord x2  
  115  7:03  Drone  
  104  7:25  Roach  
  104  7:26  Roach x10  
  110  7:40  Roach  
  110  7:41  Roach x4  
  110  7:43  Drone x3  
  110  7:44  Overlord  
  121  7:48  Overlord  
  117  8:06  Overlord x2  
  117  8:09  Overlord  
  99  8:20  Roach  
  99  8:21  Roach x10  
  115  8:33  Roach  
  121  8:34  Roach x6  
Tags
 
Add a new tag
Caveats
  • Supply blocks, unpowered buildings, or Contaminate may cause inaccurate times.
  • Supply counts are checked every 10 seconds.